 Dungeon Crawl Stone Soup version 0.29-a0-103-g37f86683bf (webtiles) character file.

Game seed: 3203203852711560110

3536 kae the Ruffian (level 9, -14/88 HPs)
             Began as a Red Draconian Transmuter on Feb 15, 2022.
             Was a Follower of Ru.
             Demolished by an orc warrior (15 damage)
             ... on level 8 of the Dungeon.
             The game lasted 00:06:50 (11518 turns).

kae the Ruffian (Red Draconian Transmuter)         Turns: 11518, Time: 00:06:51

Health: -14/88     AC: 11    Str: 14    XL:     9   Next: 82%
Magic:  15/15      EV: 11    Int: 16    God:    Ru [*.....]
Gold:   474        SH:  0    Dex: 12    Spells: 9/17 levels left

rFire   x . .      SeeInvis .     - Unarmed
rCold   + + +      Faith    .   (shield currently unavailable)
rNeg    . . .      Spirit   .   (armour unavailable)
rPois   +          Reflect  .   (helmet currently unavailable)
rElec   .          Harm     .   (cloak currently unavailable)
rCorr   .          Rampage  .   (gloves currently unavailable)
Will    .....                   (boots currently unavailable)
Stlth   +.........              (no amulet)
HPRegen 0.24/turn               k - +4 ring of protection
MPRegen 0.14/turn               (no ring)

@: ice-form
A: freezing attack, amphibious, boosted hp, (breathe fire), AC +7, large,
unfitting armour, (fire resistance 1), (cold-blooded), hated by all
a: End Transformation, Renounce Religion


You were on level 8 of the Dungeon.
You worshipped Ru.
Ru was aware of your devotion.
You were a creature of crystalline ice.
You visited 2 branches of the dungeon, and saw 9 of its levels.

You collected 591 gold pieces.
You spent 117 gold pieces at shops.

Inventory:

Missiles
 l - a throwing net
Jewellery
 h - an amulet of faith
 k - a +4 ring of protection (left front paw)
 m - a ring of poison resistance
Wands
 b - a wand of flame (22)
 f - a wand of polymorph (18)
 i - a wand of charming (10)
 o - a wand of iceblast (8)
 w - a wand of mindburst (9)
Scrolls
 j - 2 scrolls of silence
 p - 2 scrolls of fog
 r - a scroll of amnesia
 s - a scroll of fear
 t - 2 scrolls of noise
 v - a scroll of magic mapping
 x - 2 scrolls of identify
Potions
 a - 2 potions of ambrosia
 c - 3 potions of lignification
 d - 2 potions of curing
 e - a potion of mutation {unknown}
 g - 2 potions of might {unknown}
 n - a potion of flight {unknown}
 q - a potion of cancellation {unknown}
 u - a potion of degeneration {unknown}
 z - a potion of attraction {unknown}
 A - a potion of brilliance {unknown}


   Skills:
 + Level 5.1 Fighting
 + Level 4.7 Dodging
 * Level 7.4 Unarmed Combat
 + Level 4.5 Spellcasting
 * Level 7.0 Transmutations
 * Level 4.8 Ice Magic
 - Level 2.0 Poison Magic


You had 9 spell levels left.
You knew the following spells:

 Your Spells              Type           Power      Damage    Failure   Level
a - Beastly Appendage     Tmut           52%        N/A       1%          1
b - Spider Form           Tmut/Pois      18%        N/A       8%          3
c - Ice Form              Ice/Tmut       22%        N/A       14%         4

Your spell library contained the following spells:

 Spells                   Type           Power      Damage    Failure   Level
 Wereblood                Tmut           26%        N/A       1%          2
 Passwall                 Tmut/Erth      11%        N/A       6%          2
 Ensorcelled Hibernation  Hex/Ice        22%        N/A       9%          2
 Scorch                   Fire           6%         2d5       24%         2
 Swiftness                Air            3%         N/A       43%         3
 Flame Wave               Conj/Fire      3%         2d4       85%         4
 Summon Cactus Giant      Summ           Unusable   N/A       N/A         6

Dungeon Overview and Level Annotations

Branches:
Dungeon (8/15)             Temple (1/1) D:5
   Lair: D:8-11

Altars:
Ashenzari
Cheibriados
Dithmenos
Elyvilon
Fedhas
Gozag
Hepliaklqana
Kikubaaqudgha
Makhleb
Nemelex Xobeh
Okawaru
Qazlal
Ru
Sif Muna
Trog
Uskayaw
Vehumet
Wu Jian
Xom
Yredelemnul
The Shining One

Shops:
D:2 =   D:5 :(*=(

Annotations:
D:6 2 transporters, Protee's ghost, novice KoEn


Innate Abilities, Weirdness & Mutations

You are a creature of crystalline ice.
You have a powerful freezing melee attack.
You are amphibious.
Your maximum health is increased.
Your armour is entirely melded.
You are incapable of wielding weapons or throwing items.
((You can breathe blasts of fire.))
((Your fiery red scales are hard. (AC +7)))
You cannot fit into any form of body armour.
((Your flesh is heat resistant. (rF+)))
((You are cold-blooded and may be slowed by cold attacks.))
You are hated by all.


Message History

The orc priest is heavily wounded.
The orc priest looks satisfied for a moment.
The orc priest mumbles some strange prayers to Beogh against you.
Pain shoots through your body!
The orc warrior hits you with a +1 vorpal dire flail.
Items here: ! ) [ †.
You pummel the orc priest!! You freeze the orc priest.
You kill the orc priest!
You redirect the orc priest's attack!
The orc priest hits you with a +0 hand axe.
The orc warrior hits you with a +1 vorpal dire flail.
You punch the orc priest! You freeze the orc priest.
You kill the orc priest!
The orc barely misses you.
Things that are here:
a +0 hand axe; an orc corpse You punch the orc warrior!
You freeze the orc warrior.
The orc warrior is heavily wounded.
The orc hits you but does no damage.
You blink.
You punch the orc! You freeze the orc.
You kill the orc!
Things that are here:
a +1 dagger of distortion; a potion of curing You hit the orc warrior.
You freeze the orc warrior.
The orc warrior is severely wounded.
The orc warrior barely misses you.
You hit the orc warrior. You freeze the orc warrior.
The orc warrior is almost dead.
The orc warrior hits you with a +1 vorpal dire flail!
* * * LOW HITPOINT WARNING * * *
x2 You hit the orc warrior but do no damage.
The orc warrior is almost dead.
You barely miss the orc warrior.
The orc warrior is almost dead.
The orc warrior hits you with a +1 vorpal dire flail!
* * * LOW HITPOINT WARNING * * *
x2 You hit the orc warrior but do no damage.
The orc warrior is almost dead.
The orc warrior hits you with a +1 vorpal dire flail!
You die...

.................#
##..######.##.#####
..#.#
#........#######
.##.#
####.###........
.##.# #))# ..#.#.#
##..# ##)# .......
#..## #.)##..#.#.#
#.## #..o........
..# #..Y...#.#.#
..# #...........
..# #>........##
..#### #.........#
.....# #.........#
.###.####
#.........#
####....##
#.........#
.........#
###########
#.#.####.#


You could see an orc warrior.

Vanquished Creatures
  Maggie (D:8)
  Sigmund (D:3)
  Menkaure (D:4)
  A hornet zombie (D:8)
  3 orc warriors
  An ice beast (D:7)
  2 black bears
  A necrophage (D:6)
  A centaur (D:7)
  An ogre (D:5)
  4 phantoms
  A bullfrog (D:7)
  4 scorpions
  4 killer bees (D:7)
  4 wights (D:7)
  3 centaur zombies
  2 jellies
  3 centaur skeletons
  2 gnoll shamans
  6 orc priests
  2 bullfrog skeletons
  2 iguanas
  Ijyb (D:4)
  6 orc wizards
  Robin (D:4)
  9 adders
  11 gnolls
  2 howler monkey skeletons
  A shadow imp (D:8)
  2 white imps
  2 ufetubi
  An adder skeleton (D:4)
  4 worms
  30 orcs
  4 bats
  8 endoplasms
  4 giant cockroaches
  10 goblins (D:4)
  7 hobgoblins
  4 jackals
  5 kobolds
  7 quokkas
  4 ball pythons
  2 frilled lizards
  2 rats
177 creatures vanquished.

Vanquished Creatures (others)
  A gnoll (D:8)
  A goblin (D:4)
2 creatures vanquished.

Grand Total: 179 creatures vanquished

Notes
Turn   | Place    | Note
-------+----------+-------------------------------------------
     0 | D:1      | kae the Draconian Transmuter began the quest for the Orb.
     0 | D:1      | Reached XP level 1. HP: 16/16 MP: 3/3
   407 | D:1      | Found a faded altar of an unknown god.
   471 | D:1      | Reached XP level 2. HP: 23/23 MP: 5/5
  1525 | D:2      | Reached XP level 3. HP: 26/28 MP: 4/6
  1724 | D:2      | Found Voseimm's Jewellery Emporium.
  2465 | D:3      | Reached XP level 4. HP: 22/36 MP: 5/7
  3013 | D:3      | Learned a level 3 spell: Spider Form
  3112 | D:3      | Found a glowing drain.
  3716 | D:4      | Reached XP level 5. HP: 30/41 MP: 8/8
  3904 | D:4      | Reached skill level 1 in Poison Magic
  4160 | D:4      | Noticed a phantom
  4186 | D:4      | Killed a phantom
  4277 | D:4      | Learned a level 4 spell: Ice Form
  4290 | D:4      | Noticed Sigmund
  4719 | D:4      | Reached XP level 6. HP: 41/49 MP: 7/10
  4793 | D:4      | Noticed Menkaure
  4802 | D:4      | Noticed Ijyb
  4810 | D:4      | Killed Menkaure
  4811 | D:4      | Reached skill level 1 in Ice Magic
  4822 | D:4      | Killed Ijyb
  5009 | D:4      | Noticed Robin
  5031 | D:4      | Killed Robin
  5349 | D:5      | Entered Level 5 of the Dungeon
  5349 | D:5      | Found Jiqo's Jewellery Shop.
  5357 | D:5      | Found Myijepyfo's Weapon Shoppe.
  5364 | D:5      | Your scales start taking on a fiery red colour.
  5364 | D:5      | Reached XP level 7. HP: 56/56 MP: 6/11
  5364 | D:5      | Gained mutation: Your flesh is heat resistant. (rF+) [Red
                  | Draconian growth]
  5645 | D:5      | Found Hytref's Book Emporium.
  5688 | D:5      | Found Eticvidi's General Store.
  5697 | D:5      | Bought a potion of curing for 39 gold pieces
  5697 | D:5      | Bought a potion of lignification for 39 gold pieces
  5697 | D:5      | Bought a scroll of teleportation for 39 gold pieces
  5967 | D:5      | Found a staircase to the Ecumenical Temple.
  6014 | D:5      | Reached skill level 5 in Unarmed Combat
  6086 | Temple   | Entered the Ecumenical Temple
  6247 | Temple   | Became a worshipper of Ru the Awakened
  6735 | D:5      | Found Rosuha Itigi's Antique Weapon Shoppe.
  7654 | D:3      | Reached XP level 8. HP: 63/63 MP: 7/12
  7658 | D:3      | Killed Sigmund
  7659 | D:3      | Reached skill level 5 in Transmutations
  8115 | D:6      | Found a shimmering blue altar of Sif Muna.
  8302 | D:6      | Found a transporter.
  8304 | D:6      | Noticed Protee's ghost (novice KoEn)
  8414 | D:6      | Found a transporter.
  8985 | D:7      | Reached XP level 9. HP: 55/71 MP: 8/14
  9177 | D:7      | HP: 3/72 [poisoned by a killer bee]
 10196 | D:7      | Found a shimmering altar of Xom.
 10539 | D:7      | Found a stormy altar of Qazlal.
 10539 | D:7      | Found a basalt altar of Yredelemnul.
 10540 | D:7      | Found an iron altar of Okawaru.
 10541 | D:7      | Gained mutation: You are hated by all. [Ru sacrifice]
 10541 | D:7      | Reached * piety under Ru
 11483 | D:8      | Noticed Maggie
 11497 | D:8      | Killed Maggie
 11498 | D:8      | Reached skill level 5 in Fighting
 11517 | D:8      | HP: 4/88 [orc warrior (14)]
 11517 | D:8      | HP: 1/88 [orc warrior (3)]
 11518 | D:8      | Demolished by an orc warrior

Illustrated notes

Levels and vault maps discovered:
D:1:      dpeg_arrival_leaves_temple_mockup, layout_basic,
          dreamdust_ecumenical_altar_statues, chequers_garden, item_on_display_a
D:2:      layout_basic, serial_rivers, chequers_serial_rivers_room_b,
          chequers_serial_rivers_micro_b, chequers_serial_rivers_small_a,
          chequers_serial_rivers_room_b, chequers_serial_rivers_micro_d,
          serial_shops, shop_statue
D:3:      layout_rooms, gup_sewer_entry_spiral, patterned_corridor
D:4:      layout_basic, uniq_ijyb, uniq_robin, uniq_menkaure, uniq_sigmund
D:5:      layout_rooms, minmay_temple_entry_fiery, serial_shops,
          nicolae_shop_bloodbath_and_beyond, shop, nicolae_shop_behind_doors,
          kennysheep_little_box, nicolae_shop_hallway_stairs
D:6:      layout_rooms, amcnicky_altar_gilded, gammafunk_ghost_stat_death,
          minmay_starry_boxes
D:7:      layout_gridville, gammafunk_temple_overflow_claw,
          mainiacjoe_overflow_concentric_impassable, st_stairs_3,
          corner_web_ring, minmay_misc_feat_nine_boxes
D:8:      layout_rooms, serial_co_window_serial, co_window_corner_a,
          co_window_of_opportunity_a, co_window_corner_a,
          co_window_of_opportunity_a, co_window_cross_1, co_window_paths_a,
          co_window_of_opportunity_a, co_window_broadway_a, co_window_paths_c,
          co_window_broadway_c, co_window_corner_ca, glass_columns_b,
          glass_columns_a, glass_columns_c, glass_columns_b, the_hattery,
          uniq_maggie, uniq_maurice
Temple:   nicolae_temple_elliptical

Skill      XL: |  1  2  3  4  5  6  7  8  9 |
---------------+----------------------------+-----
Dodging        | 2 3 4 |  4.7
Transmutations | 3 4 5 7 |  7.0
Fighting       | 2 3 4 5 |  5.1
Poison Magic   | 1 2 |  2.0
Unarmed Combat | 4 5 6 7 |  7.4
Ice Magic      | 1 2 3 4 |  4.8
Spellcasting   | 3 4 |  4.5

Action                   |  1- 3 |  4- 6 |  7- 9 || total
-------------------------+-------+-------+-------++-------
Melee: Unarmed           |   103 |   216 |   354 ||   673
       Tailslap          |     9 |     8 |    11 ||    28
       Kick              |    13 |    19 |       ||    32
       Headbutt          |     8 |    12 |     1 ||    21
       Punch             |       |     4 |     3 ||     7
 Cast: Beastly Appendage |    19 |    22 |     1 ||    42
       Spider Form       |       |    11 |    18 ||    29
       Ice Form          |       |     1 |    11 ||    12
Invok: Sacrifice Love    |       |       |     1 ||     1
 Abil: Breathe Fire      |       |       |     2 ||     2
  Use: Scroll            |     3 |     3 |     6 ||    12
       Potion            |       |     2 |     3 ||     5
 Stab: Sleeping          |     2 |       |       ||     2
Armor: Skin              |    45 |    66 |   101 ||   212
Dodge: Dodged            |    61 |   153 |   350 ||   564

Table legend: (Time is in decaauts)
 A = Elapsed time spent in this place.
 B = Non-inter-level travel time spent in this place.
 C = Inter-level travel time spent in this place.
 D = Time resting spent in this place.
 E = Time spent auto-exploring this place.
 F = Levels seen in this place.
 G = Mean time per level.
                   A        B        C        D        E       F      G
               +--------+--------+--------+--------+--------+-----+--------+
         Total |  11515 |  10994 |    521 |   1991 |   7443 |   9 | 1279.4 |
       Dungeon |  11336 |  10850 |    486 |   1991 |   7315 |   8 | 1417.0 |
        Temple |    178 |    144 |     34 |      0 |    128 |   1 |  178.0 |
               +--------+--------+--------+--------+--------+-----+--------+

Top non-repeatable levels by time:
     D:4: 2295 daAuts
     D:7: 1750 daAuts
     D:3: 1442 daAuts
     D:5: 1442 daAuts
     D:2: 1411 daAuts
     D:1: 1207 daAuts
     D:6: 1094 daAuts
     D:8: 691 daAuts
  Temple: 178 daAuts
